 Dungeon Crawl Stone Soup version 0.30-a0-1112-gfb780f5df6 (webtiles) character file.

Game seed: 16457854100095105856

14327 qeuew the Protected (level 12, 0/83 HPs)
             Began as a Gargoyle Fighter on Apr 19, 2023.
             Was a High Priest of Okawaru.
             Slain by a black mamba (4 damage)
             ... on level 1 of the Lair of Beasts.
             The game lasted 00:13:44 (12188 turns).

qeuew the Protected (Gargoyle Fighter)             Turns: 12188, Time: 00:13:44

Health: 0/83       AC: 33    Str: 28    XL:     12   Next: 15%
Magic:  14/16      EV: 11    Int:  8    God:    Okawaru [*****.]
Gold:   877        SH:  8    Dex: 16    Spells: 11/11 levels left

rFire   . . .      SeeInvis .    e - +8 short sword of Poajo {flame, Str+5}
rCold   + . .      Faith    .    c - +0 buckler
rNeg    + . .      Spirit   .    z - +2 plate armour {rC+}
rPois   ∞          Reflect  .    y - +2 hat
rElec   +          Rampage  .    l - +2 cloak
rCorr   .                        (no gloves)
Will    .....                    (no boots) Stlth
                                 (no amulet)
HPRegen 0.33/turn                p - +4 ring of slaying
MPRegen 0.15/turn                (no ring)

@: heroic
A: sickness immunity, AC +8, negative energy resistance 1, electricity
resistance, torment resistance 1, petrification resistance, agile 1, robust 1,
shaggy fur 1, strong 1
a: Renounce Religion, Heroism, Finesse, Duel


You were on level 1 of the Lair of Beasts.
You worshipped Okawaru.
Okawaru was extremely pleased with you.
You visited 3 branches of the dungeon, and saw 14 of its levels.

You collected 877 gold pieces.

Inventory:

Hand Weapons
 a - a +0 spectral flail
 e - the +8 short sword of Poajo (weapon) {flame, Str+5}
   (You found it on level 3 of the Dungeon)

   Str:       It affects your strength (+5).
Missiles
 h - 3 javelins (quivered)
 v - 7 silver javelins
 G - 2 throwing nets
Armour
 c - a +0 buckler (worn)
 l - a +2 cloak (worn)
 y - a +2 hat (worn)
 z - a +2 plate armour of cold resistance (worn)
Jewellery
 p - a +4 ring of slaying (left hand)
Wands
 s - a wand of acid (15)
 x - a wand of roots (10)
 A - a wand of paralysis (16)
 H - a wand of mindburst (7)
 K - a wand of flame (6)
Scrolls
 i - 3 scrolls of fog
 j - 9 scrolls of teleportation
 o - 4 scrolls of magic mapping
 C - a scroll of blinking
 D - 2 scrolls of poison
 E - 2 scrolls of identify
 F - 2 scrolls of fear
 J - a scroll of enchant armour
Potions
 d - a potion of resistance
 f - a potion of magic
 g - 2 potions of curing
 k - 2 potions of mutation
 m - 2 potions of might
 n - 3 potions of haste
 q - a potion of berserk rage
 r - 4 potions of ambrosia
 t - a potion of heal wounds
 u - a potion of cancellation


   Skills:
 * Level 9.2(14.2) Fighting
 * Level 6.9(11.9) Short Blades
 + Level 5.8(10.8) Maces & Flails
 * Level 5.8(10.8) Throwing
 * Level 9.3(14.3) Armour
 - Level 2.7(7.7) Dodging
 * Level 9.2(14.2) Shields
 + Level 6.2 Invocations
 + Level 3.5 Evocations


You had 11 spell levels left.
You didn't know any spells.
Your spell library contained the following spells:

 Spells                   Type           Power      Damage    Failure   Level
 Lesser Beckoning         Tloc           0%         N/A       99%         2
 Static Discharge         Conj/Air       0%         2-2/arc   99%         2
 Gell's Gravitas          Tloc           0%         N/A       100%        3
 Teleport Other           Tloc           0%         N/A       100%        3
 Airstrike                Air            0%         2d(0-16)  100%        4
 Summon Small Mammal      Summ           Unusable   N/A       N/A         1
 Call Canine Familiar     Summ           Unusable   N/A       N/A         3
 Summon Guardian Golem    Hex/Summ       Unusable   N/A       N/A         3
 Summon Lightning Spire   Summ/Air       Unusable   N/A       N/A         4

Dungeon Overview and Level Annotations

Branches:
Dungeon (11/15)            Temple (1/1) D:4            Lair (2/5) D:11
 Shoals (0/4) Lair:2        Snake (0/4) Lair:2          Orc (0/2) D:10

Altars:
Ashenzari
Cheibriados
Dithmenos
Elyvilon
Fedhas
Gozag
Hepliaklqana
Kikubaaqudgha
Makhleb
Nemelex Xobeh
Okawaru
Qazlal
Ru
Sif Muna
Trog
Uskayaw
Vehumet
Wu Jian
Xom
Yredelemnul
Zin
The Shining One


Innate Abilities, Weirdness & Mutations

You are immune to sickness and miasma.
Your stone body is resilient. (AC +8)
You are immune to poison.
You resist negative energy. (rN+)
You are resistant to electric shocks. (rElec)
You are resistant to unholy torment.
You are immune to petrification.
You are agile. (Dex +4, Str/Int -1)
You are robust. (+10% HP)
You are covered in fur. (AC +1)
Your muscles are strong. (Str +4, Int/Dex -1)


Message History

The black mamba closely misses you.
The black mamba attacks as you move away!
The black mamba barely misses you.
The black mamba bites you but does no damage.
The black mamba attacks as you move away!
The black mamba bites you!
* * * LOW HITPOINT WARNING * * *
The black mamba attacks as you move away!
The black mamba bites you but does no damage.
There is an escape hatch in the ceiling here.
The black mamba bites you but does no damage.
The black mamba bites you!
* * * LOW HITPOINT WARNING * * *
The black mamba bites you.
* * * LOW HITPOINT WARNING * * *
A mysterious force pulls you upwards. The hatch slams shut behind you.
You feel much better.
The black mamba bites you but does no damage. x2
You block the black mamba's attack. The black mamba closely misses you.
You gain the combat prowess of a mighty hero.
You block the black mamba's attack. The black mamba misses you.
The black mamba bites you.
* * * LOW HITPOINT WARNING * * *
You block the black mamba's attack.
You puncture the black mamba! You burn the black mamba.
The black mamba is moderately wounded.
The black mamba bites you.
* * * LOW HITPOINT WARNING * * *
You block the black mamba's attack.
You hit the black mamba but do no damage.
The black mamba is moderately wounded.
The black mamba bites you.
* * * LOW HITPOINT WARNING * * *
The black mamba closely misses you.
You puncture the black mamba! You burn the black mamba.
The black mamba is heavily wounded.
The black mamba bites you.
* * * LOW HITPOINT WARNING * * *
The black mamba bites you.
You die...

#...####.......###........#####
#...# #.......###.........#
...#####..................###
.....##.................#...## #
...##..................P##...####
.....................#.####..P##.
...................#.#..# ##....#
.......####....S.S####..####P..##
......## ##....@#.##.........##
#.....# ##...######........##
#.....# #..P# #.#...###....#
#P...## ##..###............##
##....# #...##..............P
#.....## #(.................P.
.##...P# ##...................
......##### ##..##..............#
(.....#.#P###..####.............#


You could see 2 black mambas.

Vanquished Creatures
  A two-headed ogre (D:11)
  A cyclops (D:11)
  An ugly thing (D:11)
  2 cane toads
  A gargoyle (D:11)
  A rime drake (D:11)
  An unseen horror (D:9)
  A komodo dragon (Lair:1)
  A troll (D:11)
  A queen bee (Lair:1)
  9 blink frogs (Lair:2)
  Prince Ribbit (D:5)
  A vampire (D:11)
  4 wraiths
  2 shadows
  Grum (D:8)
  3 wyverns
  5 yaks (D:11)
  3 vampire mosquitoes (D:10)
  3 water moccasins
  2 orc warriors
  A black bear (D:4)
  5 ice beasts
  A sky beast (D:8)
  5 centaurs
  2 ogres (D:5)
  4 wolves
  2 phantoms
  3 kobold brigands
  7 bullfrogs
  A gnoll sergeant (D:11)
  3 scorpions
  17 wights
  29 killer bees
  6 howler monkeys
  A jelly (D:8)
  5 orc priests
  A gnoll bouda (D:5)
  3 iguanas
  A sleepcap (D:5)
  8 orc wizards
  12 gnolls
  8 adders
  A shadow imp (D:6)
  A white imp (D:7)
  3 ufetubi
  A worm (D:4)
  2 dart slugs (D:1)
  40 orcs
  2 bats (D:1)
  5 endoplasms
  10 goblins
  7 hobgoblins
  2 quokkas
  5 ball pythons
  2 frilled lizards (D:2)
  21 kobolds
  6 rats
278 creatures vanquished.

Vanquished Creatures (others)
  3 fungi (Lair:2)
  5 plants (Lair:2)
8 creatures vanquished.

Grand Total: 286 creatures vanquished

Notes
Turn   | Place    | Note
-------+----------+-------------------------------------------
     0 | D:1      | qeuew the Gargoyle Fighter began the quest for the Orb.
     0 | D:1      | Reached XP level 1. HP: 14/14 MP: 1/1
   114 | D:1      | Reached XP level 2. HP: 18/19 MP: 2/2
   504 | D:1      | Reached XP level 3. HP: 24/24 MP: 3/3
  1458 | D:2      | Reached XP level 4. HP: 25/29 MP: 4/4
  1507 | D:2      | Gained mutation: You are agile. (Dex +4, Str/Int -1)
                  | [potion of mutation]
  1507 | D:2      | Gained mutation: You are covered in fur. (AC +1) [potion of
                  | mutation]
  1507 | D:2      | Gained mutation: Your muscles are strong. (Str +4, Int/Dex
                  | -1) [potion of mutation]
  1507 | D:2      | Gained mutation: You are robust. (+10% HP) [potion of
                  | mutation]
  1567 | D:3      | Identified the +8 short sword of Poajo {flame, Str+5}
  1577 | D:3      | Found a shadowy altar of Dithmenos.
  2106 | D:4      | Reached XP level 5. HP: 36/36 MP: 5/5
  2138 | D:4      | Noticed a black bear
  2147 | D:4      | Killed a black bear
  2148 | D:4      | Reached skill level 1 in Short Blades
  2148 | D:4      | Reached skill level 1 in Dodging
  2222 | D:4      | Reached XP level 6. HP: 42/42 MP: 6/6
  2229 | D:4      | Found a staircase to the Ecumenical Temple.
  2368 | Temple   | Entered the Ecumenical Temple
  2559 | Temple   | Became a worshipper of Warmaster Okawaru
  2892 | D:4      | Found a glowing silver altar of Zin.
  2893 | D:4      | Found an opulent altar of Gozag.
  3045 | D:4      | Found a snail-covered altar of Cheibriados.
  3084 | D:5      | Entered Level 5 of the Dungeon
  3199 | D:5      | Reached skill level 1 in Invocations
  3289 | D:5      | HP: 2/42 [wight/+4 flail of freezing (3)]
  3296 | D:5      | Reached XP level 7. HP: 13/48 MP: 7/7
  3297 | D:5      | HP: 2/48 [wight/+4 dire flail (9)]
  3298 | D:5      | Reached * piety under Okawaru
  3300 | D:5      | Reached skill level 5 in Armour
  3466 | D:5      | Reached skill level 5 in Fighting
  3638 | D:5      | Reached skill level 5 in Shields
  3702 | D:5      | Reached ** piety under Okawaru
  3703 | D:5      | Reached skill level 1 in Throwing
  3703 | D:5      | Reached XP level 8. HP: 34/53 MP: 9/9
  4350 | D:6      | Noticed Prince Ribbit
  4394 | D:5      | Killed Prince Ribbit
  4394 | D:5      | Reached *** piety under Okawaru
  4510 | D:6      | Reached XP level 9. HP: 47/60 MP: 11/11
  4799 | D:6      | Found a sparkling altar of Nemelex Xobeh.
  6304 | D:8      | Found a hide-covered altar of Uskayaw.
  6304 | D:8      | Noticed a +0 dagger
  6304 | D:8      | Noticed a +0 hand axe
  6310 | D:8      | Reached **** piety under Okawaru
  6313 | D:8      | Reached skill level 1 in Evocations
  6343 | D:8      | Reached XP level 10. HP: 56/69 MP: 13/13
  6602 | D:8      | Received a gift from Okawaru
  6624 | D:8      | Found a bloodstained altar of Trog.
  6624 | D:8      | Noticed Grum
  6641 | D:8      | Killed Grum
  6657 | D:8      | Reached skill level 5 in Short Blades
  7116 | D:9      | Killed an unseen horror
  7272 | D:9      | Reached skill level 5 in Invocations
  7568 | D:9      | Found a burning altar of Makhleb.
  7855 | D:10     | Entered Level 10 of the Dungeon
  7859 | D:10     | Reached ***** piety under Okawaru
  7904 | D:10     | Identified the ring "Nyssirr" {Fire Str+3 Int+2}
  7942 | D:10     | Reached skill level 5 in Maces & Flails
  8863 | D:10     | Found a staircase to the Orcish Mines.
  8948 | D:11     | Reached XP level 11. HP: 46/74 MP: 14/14
  9062 | D:11     | Received a gift from Okawaru
  9195 | D:11     | Noticed a cyclops
  9197 | D:11     | Noticed a purple ugly thing
  9206 | D:11     | Killed a cyclops
  9215 | D:11     | Killed a purple ugly thing
  9215 | D:11     | Received a gift from Okawaru
  9722 | D:11     | Reached skill level 5 in Throwing
  9749 | D:11     | Found a staircase to the Lair.
  9996 | D:11     | Noticed a two-headed ogre
 10009 | D:11     | Killed a two-headed ogre
 10336 | Lair:1   | Entered Level 1 of the Lair of Beasts
 11770 | Lair:2   | Found a staircase to the Shoals.
 11871 | Lair:2   | Received a gift from Okawaru
 11872 | Lair:2   | Reached XP level 12. HP: 54/83 MP: 16/16
 12159 | Lair:2   | Found a staircase to the Snake Pit.
 12188 | Lair:1   | HP: 4/83 [black mamba (2)]
 12188 | Lair:1   | Slain by a black mamba

Illustrated notes

Levels and vault maps discovered:
D:1:      erik_arrival_triangle_small, layout_loops_ring
D:2:      layout_loops_ring
D:3:      layout_loops_ring, mainiacjoe_overflow_boulevard,
          hangedman_decor_clover_reticule
D:4:      layout_loops_cross, grunt_temple_overflow_gold_and_silver,
          chei_slow_surprise, minmay_temple_entry_waves
D:5:      layout_loops_corners, kennysheep_small_spiral, nrook_pool_corridor,
          minmay_misc_feat_hallway, minmay_misc_feat_plants,
          small_statue_intersection, corner_web_ring
D:6:      layout_gridville, nicolae_overflow_crystal_walls, uniq_prince_ribbit1
D:7:      layout_rooms
D:8:      layout_basic, dancing_weapons_uskayaw, amcnicky_altar_gilded,
          uniq_grum
D:9:      layout_long_grid, lightli_temple_of_fire, dk_rats_in_the_wall
D:10:     layout_long_grid, hiddenorc1_lemuel, fungi_pond_lemuel,
          chequers_serial_rivers_room_a
D:11:     layout_cave_pods, hellmonk_lair_entry_icy
Temple:   nicolae_temple_superstar
Lair:1:   layout_layer_cave, special_room [special_room_bee]
Lair:2:   layout_roguey, elwin_shoals_entry_rocks,
          minmay_snake_entry_six_corridors, bh_autumn_forest_stairs,
          grunt_megastairs_5, serial_bayou_shore_a, serial_bayou_shore_b

Skill      XL: |  1  2  3  4  5  6  7  8  9 10 11 |
---------------+----------------------------------+-----
Fighting       | 4 5 6 7 8 9 |  9.2
Armour         | 4 5 6 7 8 9 |  9.3
Shields        | 4 5 6 7 9 |  9.2
Short Blades   | 1 2 3 4 5 6 |  6.9
Dodging        | 1 2 |  2.7
Maces & Flails | 3 4 5 |  5.8
Invocations    | 1 2 3 4 5 6 |  6.2
Throwing       | 1 3 4 5 |  5.8
Evocations     | 1 2 3 |  3.5

Action                     |  1- 3 |  4- 6 |  7- 9 | 10-12 || total
---------------------------+-------+-------+-------+-------++-------
  Melee: Flail             |   124 |     6 |       |       ||   130
         Short sword       |       |    89 |   253 |   530 ||   872
  Throw: Javelin           |       |       |     3 |       ||     3
 Invoke: Heroism           |       |       |       |     3 ||     3
         Finesse           |       |       |       |     1 ||     1
    Use: Scroll            |     5 |     4 |     4 |     5 ||    18
         Potion            |     2 |     8 |     4 |     1 ||    15
 Armour: Scale mail        |    69 |    39 |   123 |   161 ||   392
         Plate armour      |       |       |       |   173 ||   173
  Dodge: Dodged            |    63 |    40 |   116 |   213 ||   432
  Block: Buckler           |    26 |    26 |    76 |   189 ||   317

Table legend: (Time is in decaauts)
 A = Elapsed time spent in this place.
 B = Non-inter-level travel time spent in this place.
 C = Inter-level travel time spent in this place.
 D = Time resting spent in this place.
 E = Time spent auto-exploring this place.
 F = Levels seen in this place.
 G = Mean time per level.
                   A        B        C        D        E       F      G
               +--------+--------+--------+--------+--------+-----+--------+
         Total |  12062 |  11581 |    481 |    248 |   9579 |  14 |  861.6 |
       Dungeon |  10052 |   9666 |    386 |    248 |   7924 |  11 |  913.8 |
        Temple |    219 |    155 |     64 |      0 |    140 |   1 |  219.0 |
          Lair |   1790 |   1760 |     30 |      0 |   1515 |   2 |  895.0 |
               +--------+--------+--------+--------+--------+-----+--------+

Top non-repeatable levels by time:
  Lair:1: 1391 daAuts
    D:11: 1357 daAuts
     D:8: 1247 daAuts
     D:5: 1202 daAuts
     D:6: 993 daAuts
     D:9: 946 daAuts
     D:4: 913 daAuts
    D:10: 913 daAuts
     D:1: 832 daAuts
     D:2: 751 daAuts
     D:3: 550 daAuts
  Lair:2: 398 daAuts
     D:7: 343 daAuts
  Temple: 219 daAuts
